 Dungeon Crawl Stone Soup version 0.28.0 (webtiles) character file.

Game seed: 11594665507922164007

29 DasRunzen the Magician (level 3, -6/27 HPs)
             Began as a Djinni Fire Elementalist on Feb 16, 2022.
             Mangled by Crazy Yiuf (14 damage)
             ... on level 2 of the Dungeon.
             The game lasted 00:03:14 (1828 turns).

DasRunzen the Magician (Djinni Fire Elementalist)   Turns: 1828, Time: 00:03:14

Health: -6/27      AC:  2    Str:  7    XL:     3   Next: 32%
Gold:   31         EV: 12    Int: 18    God:
                   SH:  0    Dex: 13

rFire   + + .      SeeInvis .   (no weapon)
rCold   x . .      Faith    .   (no shield)
rNeg    . . .      Spirit   .   a - +0 robe
rPois   ∞          Reflect  .   (no helmet)
rElec   .          Harm     .   (no cloak)
rCorr   .          Rampage  .   (no gloves)
Will    .....                   (boots unavailable)
Stlth   ++........              (no amulet)
HPRegen 0.09/turn               (no ring)
MPRegen 0.00/turn               (no ring)

@: flying
A: sickness immunity, fire resistance 2, cold vulnerability 1, float, innate
caster, HP casting, extra vitality 1
a: no special abilities


You were on level 2 of the Dungeon.
You visited 1 branch of the dungeon, and saw 2 of its levels.

You collected 31 gold pieces.

Inventory:

Armour
 a - a +0 robe (worn)
Jewellery
 c - a ring of see invisible
Scrolls
 b - a scroll of enchant armour {unknown}
 d - a scroll of identify {unknown}


   Skills:
 + Level 1.0 Fighting
 + Level 1.0 Armour
 + Level 2.5 Dodging
 - Level 1.5 Stealth
 * Level 2.8 Spellcasting


You couldn't memorise any spells.
You knew the following spells:

 Your Spells              Type           Power      Damage    Failure   Level
a - Foxfire               Conj/Fire      48%        2x1d6     5%          1
b - Scorch                Fire           24%        2d6       8%          2
c - Conjure Flame         Conj/Fire      12%        6-21      16%         3
d - Inner Flame           Hex/Fire       12%        N/A       16%         3
e - Flame Wave            Conj/Fire      12%        2d6       45%         4
f - Slow                  Hex            48%        N/A       5%          1
Your spell library was empty.

Dungeon Overview and Level Annotations

Branches:
Dungeon (2/15)

Altars:

Annotations:
D:2 Crazy Yiuf


Innate Abilities, Weirdness & Mutations

You are immune to sickness and miasma.
You are immune to poison.
Your flesh is very heat resistant. (rF++)
You are vulnerable to cold. (rC-)
You float through the air rather than walking.
You learn spells naturally, not from books.
Your magical power is your life essence.
You have superior vitality. (+4 MHP)


Message History

Your foxfire dissipates!
The foxfire hits Crazy Yiuf.
Crazy Yiuf is moderately wounded.
You conjure some foxfire!
Crazy Yiuf hits you with a +3 quarterstaff of chaos.
You are confused.
You hit your foxfire.
Your foxfire is lightly damaged.
The foxfire hits Crazy Yiuf but does no damage.
Crazy Yiuf is moderately wounded.
The foxfire hits Crazy Yiuf but does no damage.
Crazy Yiuf is moderately wounded.
Crazy Yiuf laughs, "Key toodlewoodle bush!"
Crazy Yiuf barely misses you.
You're too confused to cast spells.
You're too confused to cast spells.
You're too confused to cast spells.
You aren't carrying any potions.
You bump into the rock wall.
Crazy Yiuf closely misses you.
You bump into the rock wall.
You feel less confused.
Crazy Yiuf yells, "Dawk!"
Crazy Yiuf closely misses you.
Crazy Yiuf laughs, "Papa down leg!"
Crazy Yiuf laughs, "Tosser!"
You conjure some foxfire!
Crazy Yiuf yells, "Two stair down!"
Crazy Yiuf hits you with a +3 quarterstaff of chaos!
Ouch! That really hurt!
* * * LOW HITPOINT WARNING * * *
The foxfire hits Crazy Yiuf.
Crazy Yiuf is moderately wounded.
The foxfire hits Crazy Yiuf.
Crazy Yiuf is moderately wounded.
Crazy Yiuf closely misses you.
Crazy Yiuf says, "Adder infinity King!"
Crazy Yiuf whimpers, "Mountain!
Buddy cower bag."
Crazy Yiuf hits you with a +3 quarterstaff of chaos!
Ouch! That really hurt!
You die...

#########.##.##
..........#...#
#####...#####.####
.# ##..## #.....#
## #....# ##.##.#
♣....♣ #.##.#
♣♣...♣ #.##.#
♣♣.♣♣ #.##g# ♣♣.♣
##.##@# ♣.♣♣
#..##.# ♣♣g♣
#####:# ♣.♣♣ #.#
#'# #####.# ...
#.>...# #...#
#.##### #)..# ###
#####


You could see Crazy Yiuf.

Vanquished Creatures
  3 dart slugs (D:1)
  A ball python (D:1)
  2 endoplasms
  2 giant cockroaches (D:1)
  A hobgoblin (D:1)
  5 kobolds (D:1)
  A quokka (D:1)
  4 frilled lizards (D:1)
  5 rats (D:1)
24 creatures vanquished.

Vanquished Creatures (collateral kills)
  4 foxfires (D:1)
4 creatures vanquished.

Vanquished Creatures (others)
  94 foxfires
  11 plants (D:1)
105 creatures vanquished.

Grand Total: 133 creatures vanquished

Notes
Turn   | Place    | Note
-------+----------+-------------------------------------------
     0 | D:1      | DasRunzen the Djinni Fire Elementalist began the quest for
                  | the Orb.
     0 | D:1      | Reached XP level 1. HP: 15/15 MP: 0/0
   461 | D:1      | Reached XP level 2. HP: 20/22 MP: 0/0
   569 | D:1      | Found a faded altar of an unknown god.
  1028 | D:1      | Reached XP level 3. HP: 22/26 MP: 0/0
  1028 | D:1      | Learned a level 1 spell: Slow
  1388 | D:1      | Reached skill level 1 in Fighting
  1388 | D:1      | Reached skill level 1 in Armour
  1787 | D:2      | Found a runed translucent door.
  1788 | D:2      | Noticed Crazy Yiuf
  1828 | D:2      | Mangled by Crazy Yiuf

Illustrated notes

Levels and vault maps discovered:
D:1:      doesnt_arrival_eight_statues, layout_basic,
          ebering_ecumenical_altar_ruins, serial_aquarium,
          aquarium_bridge_square [aquarium_subvault_bridge,
          aquarium_subvault_window, aquarium_subvault_bridge,
          aquarium_subvault_wall], aquarium_bridge_straight
          [aquarium_subvault_bridge, aquarium_subvault_balcony,
          aquarium_subvault_bridge, aquarium_subvault_balcony],
          aquarium_window_2, aquarium_window_2, aquarium_window_fake,
          aquarium_window_1, aquarium_view_2c, aquarium_view_2b,
          aquarium_pool_four, lexackson_kobold_supper
D:2:      layout_basic, basic_altar, st_stairs_8, minmay_misc_feat_tower,
          uniq_crazy_yiuf_cottage, uniq_sigmund, uniq_natasha

Skill      XL: |  1  2  3 |
---------------+----------+-----
Fighting       | 1 |  1.0
Armour         | 1 |  1.0
Dodging        | |  2.5
Stealth        | |  1.5
Spellcasting   | |  2.8

Action                   || total
-------------------------++-------
Melee: Unarmed           ||     1
 Cast: Foxfire           ||    57
Dodge: Dodged            ||     9
